 Dungeon Crawl Stone Soup version 0.26.0-11-g8f856b5395 (webtiles) character file.

Game seed: 241276198005662631

277 jiml777 the Chopper (level 6, -1/48 HPs)
             Began as a Demonspawn Abyssal Knight on Jan 15, 2021.
             Was a Believer of Lugonu.
             Slain by a bullfrog skeleton (3 damage)
             ... on level 4 of the Dungeon.
             The game lasted 00:12:41 (4081 turns).

jiml777 the Chopper (Demonspawn Abyssal Knight)     Turns: 4081, Time: 00:12:42

Health: -1/48      AC:  7    Str: 13    XL:     6   Next: 4%
Magic:  0/8        EV:  5    Int: 14    God:    Lugonu [**....]
Gold:   150        SH:  9    Dex: 13    Spells: 5/5 levels left

rFire    . . .     SeeInvis .   a - +2 hand axe
rCold    . . .     Faith    .   o - +2 kite shield
rNeg     . . .     Spirit   +   b - +0 leather armour
rPois    +         Reflect  .   (no helmet)
rElec    .         Harm     .   (no cloak)
rCorr    .         Rampage  .   (no gloves)
Will     .....                  (no boots)
Stlth    +.........             (no amulet)
HPRegen  0.16/turn              n - -4 ring of evasion (curse)
MPRegen  0.11/turn              (no ring)

@: no status effects
A: slimy green scales 3, magic shield
a: Renounce Religion, Depart the Abyss, Bend Space


You were on level 4 of the Dungeon.
You worshipped Lugonu.
Lugonu was pleased with you.
You visited 1 branch of the dungeon, and saw 4 of its levels.
You visited the Abyss 1 time.

You collected 150 gold pieces.

Inventory:

Hand Weapons
 a - a +2 hand axe (weapon)
Missiles
 e - 87 stones
 f - 11 bolts
 j - 16 sling bullets
 l - 8 poisoned darts
Armour
 b - a +0 leather armour (worn)
 o - a +2 kite shield (worn)
Jewellery
 n - a cursed -4 ring of evasion (left hand)
Potions
 c - a potion of invisibility
 d - 2 potions of curing
 g - a potion of mutation {unknown}
 h - 2 potions of flight {unknown}
 k - a potion of haste {unknown}
 m - a potion of might {unknown}
 p - a potion of lignification {unknown}


   Skills:
 + Level 3.8 Fighting
 + Level 4.1 Axes
 + Level 2.6 Armour
 + Level 2.2 Dodging
 + Level 0.7 Stealth
 + Level 2.8 Invocations


You had 5 spell levels left.
You didn't know any spells.
Your spell library was empty.

Dungeon Overview and Level Annotations

Branches:
Dungeon (4/15)
 Temple: D:4-7

Altars:
Cheibriados
Kikubaaqudgha
Yredelemnul


Innate Abilities, Weirdness & Mutations

You are completely covered in slimy green scales. (AC +4, rPois)
When hurt, damage is shared between your health and your magic reserves.


Message History

The ogre hits you with a +0 giant spiked club!
You hit the ogre.
The ogre is heavily wounded.
You block the ogre's attack.
You slash the ogre!
The ogre is severely wounded.
The ogre hits you with a +0 giant spiked club!!
Ouch! That really hurt!
* * * LOW HITPOINT WARNING * * *
There is an open door here.
As you open the door, it creaks loudly!
An iguana comes into view.
The iguana hisses angrily.
The ogre hits you with a +0 giant spiked club.
* * * LOW HITPOINT WARNING * * *
A bullfrog skeleton comes into view.
Found 20 arrows.
There is an open door here.
The bullfrog skeleton hits you.
You die...

#..... ... #..... ....
.....#+###.... #..(........#
#...........# #...........# #
#...........# # #+ #....@......#
# .. ####...Z.l.....#+#####+## ..
##+###..#####'##.............. ..
#...#........O.#.............. ..
#...#....>.....#.............. ..
#...#..........#.............. ..
#..<#..........#..............
####..##..##'####+#..............
..##..##..##.##......#########'##


You could see an ogre, an iguana and a bullfrog skeleton.

Vanquished Creatures
  Ijyb (D:3)
  A worker ant (D:3)
  Natasha (thrice) (D:3)
  A howler monkey skeleton (D:3)
  7 adders
  An ooze (D:1)
  3 worms
  2 dart slugs
  An orc (D:3)
  4 giant cockroaches
  5 goblins
  9 hobgoblins
  4 jackals (D:2)
  2 quokkas
  7 bats
  4 frilled lizards
  4 kobolds
  A quokka skeleton (D:4)
  9 rats
69 creatures vanquished.

Notes
Turn   | Place    | Note
-------+----------+-------------------------------------------
     0 | Abyss:1  | jiml777 the Demonspawn Abyssal Knight began the quest for
                  | the Orb.
     0 | Abyss:1  | Reached XP level 1. HP: 18/18 MP: 2/2
     6 | D:1      | Escaped the Abyss
   127 | D:1      | Reached skill level 2 in Axes
   127 | D:1      | Gained mutation: When hurt, damage is shared between your
                  | health and your magic reserves. [demonic ancestry]
   127 | D:1      | Reached XP level 2. HP: 18/24 MP: 3/3
   348 | D:1      | Reached skill level 1 in Dodging
   730 | D:1      | Gained mutation: You are partially covered in slimy green
                  | scales. (AC +2) [demonic ancestry]
   730 | D:1      | Reached XP level 3. HP: 28/29 MP: 3/5
   862 | D:2      | Reached ** piety under Lugonu
  1483 | D:2      | Reached skill level 3 in Axes
  1483 | D:2      | Gained mutation: You are mostly covered in slimy green
                  | scales. (AC +3) [demonic ancestry]
  1483 | D:2      | Reached XP level 4. HP: 30/35 MP: 6/6
  1527 | D:2      | You fall into a shaft and drop 1 floor!
  2360 | D:3      | Gained mutation: You are completely covered in slimy green
                  | scales. (AC +4, rPois) [demonic ancestry]
  2360 | D:3      | Reached XP level 5. HP: 31/41 MP: 5/7
  2469 | D:3      | Noticed Natasha
  2476 | D:3      | Killed Natasha
  2582 | D:3      | Noticed Ijyb
  2633 | D:3      | Killed Ijyb
  2649 | D:3      | Noticed Natasha
  2663 | D:3      | Killed Natasha
  2664 | D:3      | Reached skill level 4 in Axes
  2974 | D:3      | Found a faded altar of an unknown god.
  2974 | D:3      | Found a faded altar of an unknown god.
  2979 | D:3      | Found a basalt altar of Yredelemnul.
  2981 | D:3      | Found an ancient bone altar of Kikubaaqudgha.
  2982 | D:3      | Found a snail-covered altar of Cheibriados.
  3528 | D:3      | Noticed Natasha
  3546 | D:3      | Killed Natasha
  3547 | D:3      | Reached XP level 6. HP: 11/48 MP: 3/8
  4078 | D:4      | HP: 1/48 [ogre/+0 giant spiked club (5)]
  4081 | D:4      | Slain by a bullfrog skeleton

Illustrated notes

Levels and vault maps discovered:
D:1:      nicolae_arrival_washed_ashore, layout_rooms
D:2:      layout_basic, roderic_filled_cross, chequers_serial_rivers_room_a,
          grunt_ministairs_12, st_stairs_3, grunt_qazlal_sundering
D:3:      layout_basic, chequers_temple_overflow_minitemple, kennysheep_path_1,
          uniq_ijyb, uniq_natasha
D:4:      layout_gridville, kennysheep_generic_room_10

Skill      XL: |  1  2  3  4  5 |
---------------+----------------+-----
Axes           | 2 3 4 |  4.1
Dodging        | 1 2 |  2.2
Armour         | 2 |  2.6
Fighting       | |  3.8
Stealth        | |  0.7
Invocations    | |  2.8

Action                   |  1- 3 |  4- 6 || total
-------------------------+-------+-------++-------
Melee: Hand axe          |   117 |   169 ||   286
  Use: Scroll            |       |     4 ||     4
       Potion            |       |     1 ||     1
 Stab: Sleeping          |       |     3 ||     3
Armor: Leather armour    |    48 |    64 ||   112
Dodge: Dodged            |    87 |    90 ||   177
Block: Kite shield       |       |     2 ||     2
